Unix NetHack Version 5.0.0-0 post-release - last build Jun 10 2026 00:39:30 (3ee93aec679c4c4259841fe613dc97188e26a321,branch:main).

Game began 2026-06-21 00:04:13, ended 2026-06-21 00:13:56.

IanCurtis, chaotic male elven Wizard

                                   -----------          -----------
                                  #-.........|          +.........|
             --------             #|.........|        # ..........|
             |....(.|             #|.........|       ###-)........|
             |.......#            #|.........|       ## |.....*...|
             |......|##           #---------.-#      #  --------.--
             |......| #        #####       ######   ##          #
             -|--.--- #      #  # #             #   #           #
              #  ###############                #   #           #
              ###       #    #.----        -----.---#           #
                #       ###   |...|        |........#        #[qd
                #         ##  |.<.+        |.......|        ##[@
                ##        ##  |...|        |.......|        +
          -------|-----   ##  |...|        |.......|        .
          |...........|   ####-..`|        ........|       ...
          |...........|       ---|-        -..------       \..
          |...........|          ^                        ....(
          -------------                                  -------

IanCurtis the Conjurer    St:10 Dx:12 Co:15 In:15 Wi:11 Ch:14  Chaotic
Dlvl:5  $:163 HP:0(34) Pw:34(40) AC:9  Xp:4 T:1969  Burdened

Latest messages:
 You swap places with your little dog.
 What do you want to eat? [t or ?*] ?
 This lichen corpse tastes okay.
 You finish eating the lichen corpse.
 The little dog picks up a hooded cloak.
 The little dog drops a hooded cloak.
 The little dog picks up a hooded cloak.
 The little dog drops a hooded cloak.
 The little dog picks up a pair of hard shoes.
 The little dog drops a pair of hard shoes.
 You hear some noises.
 You stop searching.
 You see here a hooded cloak.
 The little dog misses the rothe.
 The little dog bites the rothe.
 The rothe is killed!
 You see here a rothe corpse.
 You have a little trouble lifting a rothe corpse.  Continue? [ynq] (q) y
 You have a little trouble lifting N - a rothe corpse.
 Your movements are slowed slightly because of your load.
 The little dog misses the rothe.
 The little dog bites the rothe.
 The rothe misses the little dog.
 The rothe bites the little dog.
 The rothe misses the little dog.
 You hear the footsteps of a guard on patrol.
 The little dog bites the rothe.
 The rothe hits the little dog.
 The rothe misses the little dog.
 The rothe bites the little dog.
 You miss the rothe.
 The rothe hits!
 The rothe bites!
 The rothe bites again!
 You hit the rothe.
 The rothe hits!
 The rothe bites!
 The rothe just misses!
 You miss the rothe.
 The rothe hits!
 The rothe bites!
 The rothe bites again!
 The rothe hits!
 The rothe just misses!
 The rothe bites!
 You hit the rothe.
 The rothe hits!
 You die...
 Do you want your possessions identified? [ynq] (y) y
 Do you want to see your attributes? [ynq] (y) q

Inventory:
 Coins    ('$')
  $ - 163 gold pieces
 Weapons  (')')
  a - a blessed +1 quarterstaff (weapon in hands)
 Armor    ('[')
  b - an uncursed +0 cloak of magic resistance (being worn)
 Comestibles  ('%')
  N - an uncursed rothe corpse
 Scrolls  ('?')
  u - 2 uncursed scrolls of enchant weapon
  j - an uncursed scroll of magic mapping
  i - an uncursed scroll of taming
 Spellbooks  ('+')
  J - an uncursed spellbook of cure blindness
  m - an uncursed spellbook of detect food
  L - an uncursed spellbook of detect monsters
  l - a blessed spellbook of force bolt
 Potions  ('!')
  G - an uncursed potion of gain energy
  x - an uncursed potion of invisibility
  g - an uncursed potion of levitation
  f - a blessed potion of sleeping
  h - 2 uncursed potions of water
 Rings    ('=')
  K - an uncursed +2 ring of gain constitution
  H - a cursed -3 ring of increase accuracy
  e - a blessed +1 ring of increase damage
  d - an uncursed ring of shock resistance
  v - an uncursed ring of shock resistance
 Wands    ('/')
  p - a wand of fire (0:5)
  c - a wand of light (0:12)
  s - a wand of make invisible (0:5)
 Tools    ('(')
  o - an uncursed leather drum
  k - an uncursed lock pick
  n - a magic marker (0:19)

IanCurtis the Wizard's attributes:

Background:
 You were a Conjurer, a level 4 male elven Wizard.
 You were chaotic, nominally on a mission for Anhur
 who was opposed by Ptah (lawful) and Thoth (neutral).
 You were right-handed.
 You were in the Dungeons of Doom, on level 5.
 You entered the dungeon 1969 turns ago.
 It was the midnight hour.
 You had 106 experience points, 54 more were needed to attain level 5.

Basics:
 You had 0 out of 34 hit points.
 You had 34 out of 40 energy points (spell power).
 Your armor class was 9.
 Your wallet contained 163 zorkmids.
 Autopickup was off.

Final Characteristics:
 Your strength was 10 (limit:18).
 Your dexterity was 12 (limit:18).
 Your constitution was 15 (limit:16).
 Your intelligence was 15 (limit:20).
 Your wisdom was 11 (limit:20).
 Your charisma was 14 (limit:18).

Final Status:
 You weren't hungry.
 You were burdened; movement was slightly slowed.
 You were wielding a quarterstaff.
 You had basic skill with quarterstaff.

Final Attributes:
 You were devoutly aligned.
 You were magic-protected.
 You were sleep resistant.
 You had infravision.
 You were warded.
 You are dead.

Miscellaneous:
 You didn't encounter any bones levels.
 Total elapsed playing time was 9 minutes and 42 seconds.

Major events:
 Turn
    1: IanCurtis the chaotic male elven Wizard entered the dungeon
  896: attained the rank of Conjurer (level 3)
 1969: killed by a rothe

Spells:
 Name                 Level Category     Fail Retention
 force bolt             1   attack         0%  91%-100%
 detect food            2   divination    68%  76%-100%
 cure blindness         2   healing       68%  76%-100%
 detect monsters        1   divination     0%  76%-100%

Skills:
 Fighting Skills
   bare handed combat [Unskilled]
   riding             [Unskilled]
 Weapon Skills
   dagger             [Unskilled]
   knife              [Unskilled]
   axe                [Unskilled]
   short sword        [Unskilled]
   club               [Unskilled]
   mace               [Unskilled]
   quarterstaff       [Basic]
   polearms           [Unskilled]
   spear              [Unskilled]
   trident            [Unskilled]
   sling              [Unskilled]
   dart               [Unskilled]
   shuriken           [Unskilled]
 Spellcasting Skills
   attack spells      [Basic]
   healing spells     [Unskilled]
   divination spells  [Unskilled]
   enchantment spells [Basic]
   clerical spells    [Unskilled]
   escape spells      [Unskilled]
   matter spells      [Unskilled]

Voluntary challenges:
 Character rerolling was not enabled.
 You were an atheist.
 You never genocided any monsters.
 You never polymorphed an object.
 You never changed form.
 You used no wishes.
Achievements:
 You entered a shop.
 You attained the rank of Conjurer.

 The Dungeons of Doom: levels 1 to 5
    Level 1:
    Level 2:
       An armor shop, a fountain.
    Level 3:
       A sink.
    Level 4: "vault"
       Some fountains.
    Level 5: <- You were here.
       A throne.
       Final resting place for
          you, killed by a rothe.


Vanquished creatures:
  a rock mole
  2 kittens
  a dwarf
  a rothe
  a giant bat
  a monkey
 an orc zombie
  a wererat
  2 gas spores
  a large kobold
  a yellow mold
  3 geckos
  6 jackals
  a fox
  2 sewer rats
  2 grid bugs
  3 lichens
  a kobold zombie
  9 newts
40 creatures vanquished.

No species were genocided or became extinct.

Game over:
                       ----------
                      /          \
                     /    REST    \
                    /      IN      \
                   /     PEACE      \
                  /                  \
                  |    IanCurtis     |
                  |      163 Au      |
                  |   killed by a    |
                  |      rothe       |
                  |                  |
                  |                  |
                  |       2026       |
                 *|     *  *  *      | *
        _________)/\\_//(\/(/\)/\//\/|_)_______

Goodbye IanCurtis the Wizard...

You died in The Dungeons of Doom on dungeon level 5 with 791 points,
and 163 pieces of gold, after 1969 moves.
You were level 4 with a maximum of 34 hit points when you died.

